 Dungeon Crawl Stone Soup version 0.21.1-1-g345015f (webtiles) character file.

11900 Flooderbenga the Reanimator (level 11, -8/83 HPs)
             Began as a Gnoll Necromancer on Apr 7, 2018.
             Was an Elder of Cheibriados.
             Mangled by a crocodile (18 damage)
             ... on level 3 of the Lair of Beasts on Apr 8, 2018.
             The game lasted 02:39:08 (2360 turns).

Flooderbenga the Reanimator (Gnoll Necromancer)     Turns: 2360, Time: 02:39:09

Health: -8/83      AC:  9    Str: 16 (19) XL:     11   Next: 85%
Magic:  1/23       EV: 19    Int: 28 (30) God:    Cheibriados [****..]
Gold:   253        SH:  7    Dex: 23 (25) Spells: 12/26 levels left

rFire    . . .     SeeInvis .   b - +2 trident (venom)
rCold    . . .     Gourm    .   v - +0 buckler
rNeg     . . .     Faith    .   u - +3 leather armour
rPois    +         Spirit   .   A - +0 helmet
rElec    .         Reflect  .   (no cloak)
rCorr    .         Harm     .   (no gloves)
MR       .....                  j - +0 pair of boots
Stlth    ++++......             (no amulet)
HPRegen  0.23/turn              p - ring of poison resistance
MPRegen  0.18/turn              o - ring of wizardry

@: very slightly contaminated, very slow
A: distributed training, fangs 1, strong nose
a: Bend Time, Temporal Distortion, Slouch, Renounce Religion


You were on level 3 of the Lair of Beasts.
You worshipped Cheibriados.
Cheibriados was greatly pleased with you.
You were very hungry.

You visited 2 branches of the dungeon, and saw 14 of its levels.

You collected 388 gold pieces.
You spent 135 gold pieces at shops.

Inventory:

Hand Weapons
 a - the +3 mace of Armageddon {crush, MP+9 Str+2}
   (You found it on level 9 of the Dungeon)

   It inflicts extra damage upon your enemies.
   It affects your strength (+2).
   It affects your magic capacity (+9).
 b - a +2 trident of venom (weapon)
 w - a +0 dagger
Armour
 j - a +0 pair of boots (worn)
 u - a +3 leather armour (worn)
 v - a +0 buckler (worn)
 y - a +0 shield
 A - a +0 helmet (worn)
Magical Staves
 B - an uncursed staff of conjuration
Jewellery
 h - an uncursed ring of see invisible
 k - an uncursed ring of fire
 o - a ring of wizardry (right hand)
 p - a ring of poison resistance (left hand)
Wands
 m - a wand of digging (6) {@v4}
 x - a wand of scattershot (5)
 z - a wand of iceblast (9)
Scrolls
 e - 3 scrolls of enchant weapon
 g - a scroll of blinking {@r4}
 i - 2 scrolls of teleportation {@r3}
 l - 2 scrolls of fog {@r4}
Potions
 d - 5 potions of heal wounds {@q2}
 q - a potion of curing {@q1}
 t - a potion of ambrosia
Books
 f - a book of Necromancy

   Spells                             Type                      Level
   a - Pain                           Necromancy                   1
   b - Animate Skeleton               Necromancy                   1
   c - Vampiric Draining              Necromancy                   3
   d - Regeneration                   Charms/Necromancy            3
   e - Animate Dead                   Necromancy                   4
   f - Borgnjor's Vile Clutch         Necromancy/Earth             5
 n - a book of Conjurations

   Spells                             Type                      Level
   a - Magic Dart                     Conjuration                  1
   b - Searing Ray                    Conjuration                  2
   c - Dazzling Spray                 Conjuration/Hexes            3
   d - Fulminant Prism                Conjuration/Hexes            4
   e - Force Lance                    Conjuration/Translocation    4
   f - Iskenderun's Mystic Blast      Conjuration                  4
Miscellaneous
 C - a phantom mirror
Comestibles
 c - 14 rations


   Skills:
 + Level 6.5 Fighting
 + Level 6.5 Short Blades
 + Level 6.5 Long Blades
 + Level 6.5 Axes
 + Level 6.5 Maces & Flails
 + Level 6.5 Polearms
 + Level 6.5 Staves
 + Level 6.5 Slings
 + Level 6.5 Bows
 + Level 6.5 Crossbows
 + Level 6.5 Throwing
 + Level 6.5 Armour
 + Level 8.1 Dodging
 + Level 7.9 Stealth
 + Level 6.5 Shields
 + Level 6.5 Unarmed Combat
 + Level 8.3 Spellcasting
 + Level 5.4 Conjurations
 + Level 5.4 Hexes
 + Level 5.4 Charms
 + Level 5.4 Summonings
 + Level 9.0 Necromancy
 + Level 5.4 Translocations
 + Level 5.4 Transmutations
 + Level 5.4 Fire Magic
 + Level 5.4 Ice Magic
 + Level 5.4 Air Magic
 + Level 5.4 Earth Magic
 + Level 5.4 Poison Magic
 + Level 7.2 Invocations
 + Level 6.5 Evocations


You had 12 spell levels left.
You knew the following spells:

 Your Spells              Type           Power        Failure   Level  Hunger
a - Pain                  Necr           ####         1%          1    None
c - Borgnjor's Vile Clut  Necr/Erth      ######....   3%          5    ####...
d - Animate Dead          Necr           N/A          1%          4    #......
r - Regeneration          Chrm/Necr      ######....   1%          3    None
z - Animate Skeleton      Necr           N/A          1%          1    None


Dungeon Overview and Level Annotations

Branches:
Dungeon (10/15)              Lair (4/6) D:10
 Temple: D:4-7        Swamp: Lair:2-4    Shoals: Lair:2-4     Snake: Lair:2-4
 Spider: Lair:2-4       Orc: D:9-12

Altars:
Cheibriados
Dithmenos
Gozag
Nemelex Xobeh
Uskayaw
Yredelemnul
Zin
The Shining One

Shops:
D:10 [

Annotations:
D:4 1 exclusion
Lair:3 Gastronok


Innate Abilities, Weirdness & Mutations

Your experience applies equally to all skills.
You have very sharp teeth.
Your uncanny sense of smell can sniff out nearby items.


Message History

The death yak barely misses you.
You puncture the death yak!
The death yak is poisoned.
The zombie hands constrict the plant!
The death yak barely misses you.
Unknown command.
Aim: a crocodile Decaying hands burst forth from the earth!
Zombie hands grab the crocodile.
The plant is unaffected.
Zombie hands grab the death yak.
You are feeling very hungry.
The zombie hands constrict the plant!
You destroy the plant!
The zombie hands constrict the crocodile.
The zombie hands constrict the death yak.
You kill the death yak!
Cheibriados thoroughly appreciates the change of pace.
You can now inflict damage on those overly hasty.
Cheibriados raises the support of your attributes as your movement slows.
The crocodile bites you!!
You die...

#..## #.P #. ..#
#### #.##.#.P.#
#####.#......#
####..P#..#....#
##.
#..............# #
#..
#P..##......#.P# #
#.##...##..........
#
#.P.#....t......###
# #.......@......##
.#
###...#.........#
## #..#.#......#.#
.# #.#.###.....####
.# ###.###.#####
.## #...##..
..#########..###..
# >.#...<..##..#
#.. .###
..#.......##.##
#...#


You could see a crocodile.

Vanquished Creatures
  4 death yaks (Lair:3)
  A sixfirhy (D:8)
  3 oklob plants (Lair:3)
  3 elephants (Lair:3)
  A spiny frog (Lair:3)
  4 komodo dragons
  A troll (D:10)
  A hippogriff (Lair:1)
  4 blink frogs (Lair:2)
  A shadow (D:10)
  3 yaks (Lair:2)
  2 basilisks (Lair:3)
  A wyvern (Lair:3)
  A water moccasin (Lair:2)
  4 porcupines
  A black bear (D:8)
  An ice beast (D:10)
  2 orc warriors
  2 sky beasts
  2 crocodiles
  3 bullfrogs
  A gnoll sergeant (D:10)
  4 scorpions
  A water moccasin skeleton (D:9)
  3 hounds
  2 orc priests (D:10)
  5 orc wizards
  An iguana (D:8)
  7 worker ants
  4 gnolls
  4 adders
  A shadow imp (D:8)
  2 adder skeletons
  A worm (D:5)
  A leopard gecko (D:7)
  8 orcs
  A ball python (D:1)
  A giant cockroach (D:2)
  2 goblins (D:2)
  A hobgoblin (D:2)
  6 jackals
  A kobold (D:1)
  2 quokkas
  3 bats
  A fungus (Lair:2)
  6 plants
114 creatures vanquished.

Vanquished Creatures (collateral kills)
  A hydra (Lair:3)
  An elephant (Lair:3)
  A yak (Lair:2)
  A water moccasin (Lair:3)
  An ice beast (D:10)
  A necrophage (D:10)
  An ogre (D:10)
  A fungus (Lair:2)
  2 plants (D:10)
10 creatures vanquished.

Grand Total: 124 creatures vanquished

Notes
Turn   | Place    | Note
-------+----------+-------------------------------------------
     0 | D:1      | Flooderbenga the Gnoll Necromancer began the quest for the Orb.
     0 | D:1      | Reached XP level 1. HP: 13/13 MP: 6/6
    51 | D:1      | Reached XP level 2. HP: 18/20 MP: 4/7
    65 | D:1      | Learned a level 1 spell: Animate Skeleton
   234 | D:2      | Reached XP level 3. HP: 21/25 MP: 3/9
   299 | D:5      | Entered Level 5 of the Dungeon
   329 | D:5      | Reached skill level 5 in Spellcasting
   329 | D:5      | Reached skill level 1 in Invocations
   331 | D:5      | Reached skill level 1 in Fighting
   331 | D:5      | Reached skill level 1 in Short Blades
   331 | D:5      | Reached skill level 1 in Long Blades
   331 | D:5      | Reached skill level 1 in Axes
   331 | D:5      | Reached skill level 1 in Maces & Flails
   331 | D:5      | Reached skill level 1 in Polearms
   331 | D:5      | Reached skill level 1 in Staves
   331 | D:5      | Reached skill level 1 in Slings
   331 | D:5      | Reached skill level 1 in Bows
   331 | D:5      | Reached skill level 1 in Crossbows
   331 | D:5      | Reached skill level 1 in Throwing
   331 | D:5      | Reached skill level 1 in Armour
   331 | D:5      | Reached skill level 1 in Shields
   331 | D:5      | Reached skill level 1 in Unarmed Combat
   331 | D:5      | Reached skill level 1 in Evocations
   331 | D:5      | Reached XP level 4. HP: 27/32 MP: 4/11
   397 | D:4      | Reached skill level 1 in Conjurations
   397 | D:4      | Reached skill level 1 in Hexes
   397 | D:4      | Reached skill level 1 in Charms
   397 | D:4      | Reached skill level 1 in Summonings
   397 | D:4      | Reached skill level 1 in Translocations
   397 | D:4      | Reached skill level 1 in Transmutations
   397 | D:4      | Reached skill level 1 in Fire Magic
   397 | D:4      | Reached skill level 1 in Ice Magic
   397 | D:4      | Reached skill level 1 in Air Magic
   397 | D:4      | Reached skill level 1 in Earth Magic
   397 | D:4      | Reached skill level 1 in Poison Magic
   397 | D:4      | Reached XP level 5. HP: 18/37 MP: 0/12
   442 | D:4      | Found a glowing silver altar of Zin.
   514 | D:5      | Learned a level 3 spell: Regeneration
   521 | D:5      | Learned a level 5 spell: Borgnjor's Vile Clutch
   669 | D:6      | Reached XP level 6. HP: 13/44 MP: 1/13
   674 | D:6      | Learned a level 3 spell: Vampiric Draining
   743 | D:6      | Found an opulent altar of Gozag.
   745 | D:6      | Found a sparkling altar of Nemelex Xobeh.
   745 | D:6      | Found a hide-covered altar of Uskayaw.
   745 | D:6      | Found a basalt altar of Yredelemnul.
   745 | D:6      | Found a glowing golden altar of the Shining One.
   745 | D:6      | Found a shadowy altar of Dithmenos.
   746 | D:6      | Found a snail-covered altar of Cheibriados.
   761 | D:6      | Became a worshipper of Cheibriados the Contemplative
   805 | D:7      | Reached skill level 5 in Dodging
   857 | D:7      | Noticed a sky beast
   861 | D:7      | Killed a sky beast
   861 | D:7      | Reached XP level 7. HP: 37/50 MP: 8/15
   921 | D:8      | Found a runed door.
   921 | D:8      | Noticed a sixfirhy
  1072 | D:8      | Reached skill level 5 in Stealth
  1104 | D:10     | Entered Level 10 of the Dungeon
  1104 | D:10     | Found Vineqeil's Antique Armour Shop.
  1108 | D:9      | Reached * piety under Cheibriados
  1138 | D:9      | Got a faintly glowing mace
  1160 | D:9      | Identified the +3 mace of Armageddon {crush, MP+9 Str+2} (You found it on level 9 of the Dungeon)
  1163 | D:10     | Noticed a troll
  1275 | D:8      | Killed a sixfirhy
  1275 | D:8      | Reached XP level 8. HP: 12/58 MP: 5/17
  1369 | D:8      | Learned a level 4 spell: Animate Dead
  1511 | D:9      | Reached XP level 9. HP: 65/65 MP: 12/18
  1523 | D:9      | You fall through a shaft!
  1553 | D:10     | Reached ** piety under Cheibriados
  1580 | D:10     | Bought a buckler for 135 gold pieces
  1639 | D:10     | Reached skill level 8 in Necromancy
  1659 | D:10     | Killed a troll
  1667 | D:10     | Found a staircase to the Lair.
  1668 | D:10     | Noticed a komodo dragon
  1690 | D:10     | Killed a komodo dragon
  1715 | Lair:1   | Entered Level 1 of the Lair of Beasts
  1747 | Lair:1   | Reached skill level 5 in Invocations
  1860 | Lair:2   | Reached XP level 10. HP: 72/73 MP: 17/20
  1878 | Lair:3   | Noticed a spiny frog
  1882 | Lair:3   | Killed a spiny frog
  1882 | Lair:3   | Reached skill level 5 in Fighting
  1882 | Lair:3   | Reached skill level 5 in Short Blades
  1882 | Lair:3   | Reached skill level 5 in Long Blades
  1882 | Lair:3   | Reached skill level 5 in Axes
  1882 | Lair:3   | Reached skill level 5 in Maces & Flails
  1882 | Lair:3   | Reached skill level 5 in Polearms
  1882 | Lair:3   | Reached skill level 5 in Staves
  1882 | Lair:3   | Reached skill level 5 in Slings
  1882 | Lair:3   | Reached skill level 5 in Bows
  1882 | Lair:3   | Reached skill level 5 in Crossbows
  1882 | Lair:3   | Reached skill level 5 in Throwing
  1882 | Lair:3   | Reached skill level 5 in Armour
  1882 | Lair:3   | Reached skill level 5 in Shields
  1882 | Lair:3   | Reached skill level 5 in Unarmed Combat
  1882 | Lair:3   | Reached skill level 5 in Evocations
  1920 | Lair:3   | Noticed an oklob plant
  1921 | Lair:3   | Noticed an oklob plant
  1923 | Lair:3   | Noticed an oklob plant
  1924 | Lair:3   | Killed an oklob plant
  1928 | Lair:3   | Killed an oklob plant
  1935 | Lair:3   | Killed an oklob plant
  2008 | Lair:3   | Noticed an elephant
  2014 | Lair:3   | Noticed an elephant
  2014 | Lair:3   | Noticed an elephant
  2014 | Lair:3   | Noticed an elephant
  2017 | Lair:3   | Reached *** piety under Cheibriados
  2018 | Lair:3   | Killed an elephant
  2023 | Lair:3   | Killed an elephant
  2023 | Lair:3   | Reached XP level 11. HP: 72/81 MP: 3/22
  2042 | Lair:3   | Noticed a five-headed hydra
  2051 | Lair:3   | Killed a five-headed hydra
  2060 | Lair:3   | Reached skill level 5 in Conjurations
  2060 | Lair:3   | Reached skill level 5 in Hexes
  2060 | Lair:3   | Reached skill level 5 in Charms
  2060 | Lair:3   | Reached skill level 5 in Summonings
  2060 | Lair:3   | Reached skill level 5 in Translocations
  2060 | Lair:3   | Reached skill level 5 in Transmutations
  2060 | Lair:3   | Reached skill level 5 in Fire Magic
  2060 | Lair:3   | Reached skill level 5 in Ice Magic
  2060 | Lair:3   | Reached skill level 5 in Air Magic
  2060 | Lair:3   | Reached skill level 5 in Earth Magic
  2060 | Lair:3   | Reached skill level 5 in Poison Magic
  2323 | Lair:3   | Noticed Gastronok
  2339 | Lair:3   | Noticed a death yak
  2340 | Lair:3   | Noticed a death yak
  2341 | Lair:3   | Noticed a death yak
  2343 | Lair:3   | Noticed a death yak
  2350 | Lair:3   | Killed a death yak
  2354 | Lair:3   | Killed a death yak
  2354 | Lair:3   | Reached skill level 9 in Necromancy
  2356 | Lair:3   | Killed a death yak
  2360 | Lair:3   | Killed a death yak
  2360 | Lair:3   | Reached **** piety under Cheibriados
  2360 | Lair:3   | Mangled by a crocodile

Skill      XL: |  1  2  3  4  5  6  7  8  9 10 11 |
---------------+----------------------------------+-----
Spellcasting   | 5 6 7 8 |  8.3
Invocations    | 1 2 3 4 5 6 7 |  7.2
Fighting       | 1 2 3 4 5 6 |  6.5
Short Blades   | 1 2 3 4 5 6 |  6.5
Long Blades    | 1 2 3 4 5 6 |  6.5
Axes           | 1 2 3 4 5 6 |  6.5
Maces & Flails | 1 2 3 4 5 6 |  6.5
Polearms       | 1 2 3 4 5 6 |  6.5
Staves         | 1 2 3 4 5 6 |  6.5
Slings         | 1 2 3 4 5 6 |  6.5
Bows           | 1 2 3 4 5 6 |  6.5
Crossbows      | 1 2 3 4 5 6 |  6.5
Throwing       | 1 2 3 4 5 6 |  6.5
Armour         | 1 2 3 4 5 6 |  6.5
Shields        | 1 2 3 4 5 6 |  6.5
Unarmed Combat | 1 2 3 4 5 6 |  6.5
Evocations     | 1 2 3 4 5 6 |  6.5
Conjurations   | 1 2 3 4 5 |  5.4
Hexes          | 1 2 3 4 5 |  5.4
Charms         | 1 2 3 4 5 |  5.4
Summonings     | 1 2 3 4 5 |  5.4
Translocations | 1 2 3 4 5 |  5.4
Transmutations | 1 2 3 4 5 |  5.4
Fire Magic     | 1 2 3 4 5 |  5.4
Ice Magic      | 1 2 3 4 5 |  5.4
Air Magic      | 1 2 3 4 5 |  5.4
Earth Magic    | 1 2 3 4 5 |  5.4
Poison Magic   | 1 2 3 4 5 |  5.4
Dodging        | 5 6 7 8 |  8.1
Stealth        | 5 6 7 |  7.9
Necromancy     | 8 9 |  9.0

Action                   |  1- 3 |  4- 6 |  7- 9 | 10-12 || total
-------------------------+-------+-------+-------+-------++-------
Melee: Unarmed           |       |     3 |       |       ||     3
       Dagger            |       |     3 |    15 |     3 ||    21
       Bite              |       |       |     6 |     5 ||    11
       Mace              |       |       |    40 |    24 ||    64
       Trident           |       |       |       |    30 ||    30
 Cast: Pain              |    19 |    53 |    31 |     1 ||   104
       Animate Skeleton  |     1 |     3 |     3 |     6 ||    13
       Regeneration      |       |     2 |     4 |       ||     6
       Borgnjor's Vile C |       |     1 |    19 |    17 ||    37
       Animate Dead      |       |       |     1 |     3 ||     4
Evoke: Wand              |       |    19 |    16 |       ||    35
  Use: Scroll            |     3 |     3 |     5 |     2 ||    13
       Potion            |       |     3 |     1 |     1 ||     5
 Stab: Sleeping          |       |     2 |     3 |     3 ||     8
       Distracted        |       |       |       |     1 ||     1
  Eat: Chunk             |       |       |     4 |     4 ||     8
       Ration            |       |       |     1 |       ||     1
Armor: Robe              |       |     1 |     3 |       ||     4
       Skin              |       |       |    56 |       ||    56
       Leather armour    |       |       |     2 |     4 ||     6
Dodge: Dodged            |     1 |    25 |    39 |    33 ||    98
Block: Buckler           |       |       |     2 |    14 ||    16
